 Dungeon Crawl Stone Soup version 0.20-a0-1020-g7b9e4fe (webtiles) character file.

357 JeffiDaFish the Shield-Bearer (level 6, 0/38 HPs)
             Began as a Gargoyle Fighter on Apr 18, 2017.
             Was an Initiate of Okawaru.
             Slain by an iguana (7 damage)
             ... on level 5 of the Dungeon.
             The game lasted 00:07:54 (3270 turns).

JeffiDaFish the Shield-Bearer (Gargoyle Fighter)    Turns: 3270, Time: 00:07:55

Health: 0/38       AC: 13    Str: 20    XL:     6   Next: 64%
Magic:  6/6        EV: 11    Int:  8    God:    Okawaru [......]
Gold:   314        SH: 11    Dex: 11    Spells: 5/5 levels left

rFire    . . .     SeeInvis +   a - +1 flail
rCold    . . .     Gourm    .   c - +1 shield
rNeg     + . .     Faith    .   b - +0 scale mail
rPois    ∞         Spirit   .   o - +0 helmet
rElec    +         Reflect  .   m - +0 cloak
rCorr    .         Harm     .   (no gloves)
MR       .....                  (no boots)
Stlth    ..........             (no amulet)
Regen    0.2/turn               h - +3 ring of evasion
MPRegen  0.1/turn               i - ring of see invisible

@: no status effects
A: negative energy resistance 1, electricity resistance, unbreathing,
petrification resistance, rot immunity, AC +4
a: Renounce Religion


You were on level 5 of the Dungeon.
You worshipped Okawaru.
Okawaru was noncommittal.
You were not hungry.

You visited 2 branches of the dungeon, and saw 6 of its levels.

You collected 314 gold pieces.

Inventory:

Hand Weapons
 a - a +1 flail (weapon)
Armour
 b - a +0 scale mail (worn)
 c - a +1 shield (worn)
 m - a +0 cloak (worn)
 o - a +0 helmet (worn)
Jewellery
 h - a +3 ring of evasion (left hand)
 i - a ring of see invisible (right hand)
Wands
 n - a wand of iceblast (4/15)
Scrolls
 e - 5 scrolls of identify
 g - 2 scrolls of remove curse
 j - 2 scrolls of teleportation
 q - a scroll of fog
Potions
 l - 2 potions of curing
 p - a potion of mutation {unknown}
Comestibles
 f - 4 bread rations
 k - 5 royal jellies


   Skills:
 + Level 4.2 Fighting
 + Level 4.4 Maces & Flails
 + Level 3.9 Armour
 + Level 1.2 Dodging
 + Level 0.2 Stealth
 + Level 5.0 Shields


You had 5 spell levels left.
You didn't know any spells.

Dungeon Overview and Level Annotations

Branches:
Dungeon (5/15)             Temple (1/1) D:4

Altars:
Ashenzari
Cheibriados
Dithmenos
Elyvilon
Gozag
Kikubaaqudgha
Makhleb
Nemelex Xobeh
Okawaru
Sif Muna
Trog
Uskayaw
The Shining One

Shops:
D:4 :


Innate Abilities, Weirdness & Mutations

You are resistant to torment.
Your stone body is resilient. (AC +4)
You are immune to poison.
You resist negative energy. (rN+)
You are resistant to electric shocks. (rElec)
You can survive without breathing.
You are immune to petrification.
You are immune to rotting.


Message History

You block the centaur's attack. You block the iguana's attack.
You block the orc's attack. You block the centaur's attack.
The orc barely misses you. You block the orc's attack.
The centaur hits you but does no damage.
You barely miss the orc priest. You block the orc priest's attack.
You block the centaur's attack. The iguana bites you.
The orc barely misses you. The orc closely misses you.
The orc barely misses you. The orc priest barely misses you.
The centaur hits you but does no damage.
The orc barely misses you. The iguana barely misses you.
You sock the orc priest!
The orc priest is severely wounded.
You block the centaur's attack. The orc closely misses you.
You block the orc's attack.
The orc priest calls down the wrath of Beogh upon you.
Beogh smites you!
* * * LOW HITPOINT WARNING * * *
The iguana bites you!
You die...

.......................#
#....................##
#..........(.........#
#.........(..........#
#.......(...........#
#......(.[...........#
#.....(..............#
#...clo.............$.
#....@.o.............
#.....oo.............
..##................. #
#.....>........
#.............
##...........
#.......... ##.........


You could see a centaur, an iguana, an orc priest and 3 orcs.

Vanquished Creatures
  Sigmund (D:3)
  Crazy Yiuf (D:3)
  A hound skeleton (D:4)
  3 gnolls (D:3)
  4 adders
  An ooze (D:3)
  An adder skeleton (D:4)
  3 worms (D:2)
  2 dart slugs
  7 orcs
  7 bats
  2 giant cockroaches (D:1)
  6 goblins
  10 hobgoblins
  13 jackals
  3 kobolds
  2 quokkas
  4 frilled lizards
  A jackal skeleton (D:4)
  5 rats
  A fungus (D:3)
78 creatures vanquished.

Notes
Turn   | Place    | Note
-------+----------+-------------------------------------------
     0 | D:1      | JeffiDaFish the Gargoyle Fighter began the quest for the Orb.
     0 | D:1      | Reached XP level 1. HP: 14/14 MP: 1/1
    82 | D:1      | Reached XP level 2. HP: 19/19 MP: 2/2
   596 | D:1      | Reached XP level 3. HP: 22/23 MP: 3/3
   749 | D:2      | Found a hide-covered altar of Uskayaw.
   785 | D:2      | Found a shattered altar of Ashenzari.
  1087 | D:2      | Reached XP level 4. HP: 28/29 MP: 4/4
  1348 | D:3      | Found a white marble altar of Elyvilon.
  1373 | D:3      | Reached skill level 4 in Shields
  1441 | D:3      | Found an opulent altar of Gozag.
  1535 | D:3      | Found a sparkling altar of Nemelex Xobeh.
  1582 | D:3      | Noticed Sigmund
  1594 | D:3      | Killed Sigmund
  1594 | D:3      | Reached skill level 1 in Dodging
  1594 | D:3      | Reached XP level 5. HP: 24/33 MP: 5/5
  1594 | D:3      | Reached XP level 6. HP: 28/38 MP: 6/6
  1652 | D:3      | Found a shadowy altar of Dithmenos.
  1763 | D:3      | Found a runed door.
  1767 | D:3      | Noticed Crazy Yiuf
  1777 | D:3      | Killed Crazy Yiuf
  2051 | D:4      | Found a staircase to the Ecumenical Temple.
  2111 | Temple   | Entered the Ecumenical Temple
  2161 | Temple   | Became a worshipper of Warmaster Okawaru
  2266 | D:4      | Found a snail-covered altar of Cheibriados.
  2283 | D:4      | Found an ancient bone altar of Kikubaaqudgha.
  2489 | D:4      | Found a glowing golden altar of the Shining One.
  2607 | D:4      | Found Ysam Neth's Book Shop.
  2732 | D:4      | Reached skill level 5 in Shields
  3104 | D:5      | Entered Level 5 of the Dungeon
  3270 | D:5      | Slain by an iguana

Vault maps used:
D:1:      ncdulo_halloftheorcs
D:2:      old_standard_altar, eat_drink_and_be_merry_uskayaw
D:3:      nemelex_xobeh_ov_fountains_minmay, overflow_temple_1_default,
          lemuel_round_altar, elyvilon_altar_5, uniq_crazy_yiuf_cottage,
          uniq_sigmund
D:4:      kennysheep_slug_shrine, tso_altar, lemuel_crystal_altar,
          minmay_temple_entry_grid, serial_shops, shop, first_bread,
          minivault_27
D:5:      vehumet_statue, basic_altar
Temple:   minmay_temple_forest_path

Skill      XL: |  1  2  3  4  5  6 |
---------------+-------------------+-----
Shields        | 4 5 |  5.0
Maces & Flails | 4 |  4.4
Fighting       | 4 |  4.2
Dodging        | 1 |  1.2
Armour         | |  3.9
Stealth        | |  0.2

Action                   |  1- 3 |  4- 6 || total
-------------------------+-------+-------++-------
Melee: Flail             |   113 |   165 ||   278
  Use: Scroll            |     9 |     3 ||    12
       Potion            |     1 |     4 ||     5
 Stab: Invisible         |       |     3 ||     3
  Eat: Chunk             |     1 |     7 ||     8
Armor: Scale mail        |    60 |    83 ||   143
       Skin              |     2 |       ||     2
Dodge: Dodged            |    47 |   109 ||   156
Block: Shield            |    60 |   133 ||   193
